Map: Ruines de Seras

Players

skip

  • Race: Protoss Protoss
  • League: Diamond

Worming - Winner!

  • Race: Zerg Zerg
  • League: Diamond

VOD

Have the link to the VOD?

Description

Time

  • Played on: Nov. 28, 2015, 7:15 a.m.
  • Length: 14:54
Show
View Real Time Build Order
Export as new Build Order

skip Protoss 

Build Orders: Nexus First 

Get SALT Encoding   

  12  0:02  Probe (Chrono Boost)  
  13  0:13  Probe (Chrono Boost)  
  14  0:20  Pylon  
  14  0:24  Probe (Chrono Boost)  
  15  0:39  Probe (Chrono Boost)  
  16  0:57  Probe (Chrono Boost)  
  17  1:03  Nexus  
  17  1:08  Probe (Chrono Boost)  
  18  1:17  Gateway  
  18  1:20  Probe (Chrono Boost)  
  19  1:30  Assimilator x2  
  19  1:33  Probe (Chrono Boost)  
  20  1:47  Pylon  
  20  1:49  Probe (Chrono Boost)  
  21  1:59  Probe (Chrono Boost)  
  21  2:06  Cybernetics Core  
  21  2:10  Probe (Chrono Boost)  
  22  2:17  Probe (Chrono Boost)  
  22  2:20  Probe (Chrono Boost)  
  24  2:27  Probe (Chrono Boost)  
  25  2:31  Probe (Chrono Boost)  
  26  2:40  Mothership Core (Chrono Boost)  
  26  2:41  Probe (Chrono Boost)  
  26  2:43  Warp Gate  
  31  2:45  Adept (Chrono Boost)  
  31  2:52  Probe  
  31  2:54  Pylon  
  32  2:59  Probe  
  32  3:04  Probe  
  34  3:09  Probe  
  35  3:16  Probe  
  35  3:17  Sentry (Chrono Boost)  
  38  3:20  Probe (Chrono Boost)  
  38  3:23  Assimilator  
  39  3:27  Assimilator  
  39  3:29  Probe (Chrono Boost)  
  39  3:32  Probe (Chrono Boost)  
  41  3:37  Pylon  
  41  3:39  Probe (Chrono Boost)  
  42  3:43  Probe (Chrono Boost)  
  42  3:48  Sentry  
  45  3:50  Probe (Chrono Boost)  
  45  3:53  Probe (Chrono Boost)  
  45  3:54  Pylon  
  47  4:00  Probe (Chrono Boost)  
  48  4:04  Probe (Chrono Boost), Robotics Facility  
  49  4:11  Probe (Chrono Boost)  
  49  4:14  Probe (Chrono Boost)  
  49  4:16  Sentry  
  51  4:22  Probe (Chrono Boost)  
  52  4:25  Probe (Chrono Boost)  
  52  4:30  Pylon  
  53  4:32  Probe (Chrono Boost)  
  53  4:35  Probe (Chrono Boost)  
  55  4:41  Pylon  
  55  4:49  Pylon  
  55  4:50  Sentry, Warp Prism (Chrono Boost)  
  59  4:54  Robotics Bay  
  59  5:08  Gateway  
  59  5:11  Gateway  
  59  5:13  Gateway  
  59  5:15  Gateway, Adept  
  59  5:17  Pylon  
  61  5:22  Probe  
  61  5:23  Probe  
  61  5:25  Observer (Chrono Boost)  
  64  5:35  Twilight Council  
  64  5:36  Pylon  
  64  5:38  Nexus  
  64  5:41  Pylon  
  64  5:44  Pylon  
  64  5:49  Adept  
  65  6:13  Adept x3  
  65  6:14  Probe  
  65  6:15  Probe  
  65  6:16  Disruptor (Chrono Boost)  
  76  6:37  Adept x3  
  76  6:38  Adept  
  84  6:42  Probe  
  84  6:43  Probe  
  86  6:50  Pylon  
  86  6:52  Disruptor (Chrono Boost)  
  88  6:54  Stalker  
  88  7:01  Stalker x4  
  91  7:09  Probe  
  86  7:20  Stalker  
  81  7:23  Disruptor (Chrono Boost)  
  77  7:35  Nexus  
  77  7:36  Stalker  
  77  7:37  Stalker x3  
  81  7:42  Pylon  
  85  7:54  Disruptor (Chrono Boost)  
  85  7:56  Blink  
  88  8:02  Forge  
  88  8:04  Forge  
  88  8:05  Stalker x2  
  88  8:06  Stalker x3  
  88  8:11  Probe  
  88  8:12  Probe  
  100  8:17  Pylon  
  100  8:18  Pylon  
  100  8:38  Disruptor (Chrono Boost)  
  100  8:40  Stalker x5  
  111  8:50  Probe  
  111  8:51  Probe x2  
  114  9:03  Stalker  
  114  9:04  Stalker  
  111  9:12  Stalker  
  106  9:24  Stalker x2  
  105  9:26  Disruptor (Chrono Boost)  
  105  9:27  Probe  
  105  9:28  Probe  
  110  9:38  Stalker x2  
  112  9:39  Stalker  
  116  9:49  Stalker x2  
  107  10:04  Stalker x3  
  111  10:12  Probe  
  114  10:18  Probe  
  114  10:19  Probe  
  114  10:22  Assimilator  
  114  10:24  Resonating Glaives, Assimilator, Probe  
  113  10:39  Disruptor (Chrono Boost)  
  107  10:43  Probe, Robotics Facility  
  107  10:45  Probe, Templar Archives  
  107  10:46  Adept  
  107  10:47  Adept x4  
  107  10:49  Probe  
  119  10:54  Probe  
  119  10:56  Protoss Ground Armor Level 1 (Chrono Boost)  
  121  11:01  Probe x2  
  123  11:04  Protoss Ground Weapons Level 1 (Chrono Boost)  
  123  11:06  Disruptor  
  126  11:12  Adept x3  
  126  11:13  Psionic Storm, Adept x2  
  126  11:17  Pylon  
  136  11:19  Probe x2  
  138  11:32  Warp Prism  
  140  11:46  Adept x5  
  150  11:59  Nexus  
  150  12:03  Pylon  
  150  12:07  Pylon  
  150  12:08  Disruptor  
  150  12:10  High Templar x4  
  161  12:28  Disruptor  
  164  12:39  Disruptor  
  164  12:45  Gateway  
  164  12:46  Gateway  
  164  12:48  Gateway  
  164  12:50  Gateway  
  167  12:52  Gateway  
  167  12:53  Gateway  
  167  12:56  Assimilator  
  165  13:01  Assimilator  
  165  13:03  Photon Cannon  
  160  13:08  Adept x3  
  160  13:09  Adept x2  
  167  13:15  Observer  
  167  13:18  Observer  
  169  13:26  Photon Cannon  
  169  13:31  Disruptor  
  169  13:38  Disruptor  
  175  13:45  Adept x4  
  175  13:46  Stalker  
  161  14:14  Stalker x7  
  161  14:15  Stalker x2  
  115  14:41  Stalker  
  115  14:42  Stalker x5  
  115  14:46  Adept x5  
Show
View Real Time Build Order
Export as new Build Order

Worming Zerg - Winner!

Build Orders: Pool First, Lurkers 

Get SALT Encoding   

  12  0:01  Drone  
  13  0:12  Drone  
  14  0:20  Drone, Extractor  
  14  0:21  Extractor  
  13  0:22  Drone  
  16  0:36  Spawning Pool  
  15  1:00  Hatchery  
  14  1:06  Overlord  
  14  1:10  Extractor  
  13  1:14  Drone, Extractor  
  13  1:18  Drone  
  16  1:27  Queen  
  18  1:35  Zergling x4  
  20  1:44  Drone, Extractor  
  20  1:50  Drone  
  22  2:11  Queen  
  22  2:12  Drone x3  
  27  2:23  Drone  
  28  2:44  Overlord  
  28  2:49  Overlord  
  28  2:53  Extractor  
  28  2:54  Drone x2, Extractor  
  28  2:56  Extractor  
  29  3:02  Queen  
  31  3:06  Drone x5  
  35  3:21  Extractor  
  35  3:22  Drone x8  
  35  3:23  Roach Warren  
  41  3:36  Hatchery  
  41  3:40  Overlord  
  40  3:48  Overlord  
  40  3:56  Metabolic Boost  
  40  4:01  Zergling x2  
  40  4:02  Zergling x4  
  42  4:14  Drone x3  
  44  4:21  Drone x7  
  44  4:22  Overlord  
  51  4:33  Lair  
  51  4:36  Drone x2, Evolution Chamber  
  51  4:37  Evolution Chamber  
  51  4:38  Extractor  
  50  4:44  Drone x3  
  53  4:48  Drone x3  
  56  5:05  Zerg Missile Weapons Level 1, Zerg Ground Armor Level 1  
  56  5:06  Drone  
  57  5:07  Drone x5  
  57  5:13  Extractor  
  61  5:27  Queen  
  63  5:29  Drone  
  63  5:32  Extractor  
  63  5:34  Spine Crawler  
  62  5:50  Glial Reconstitution  
  62  5:55  Hydralisk Den  
  60  6:07  Drone x4  
  60  6:09  Drone x3, Overlord  
  67  6:11  Drone  
  67  6:12  Drone x2, Overlord, Extractor  
  67  6:13  Overlord x5  
  67  6:14  Overlord  
  69  6:19  Roach  
  69  6:20  Roach  
  69  6:23  Roach  
  72  6:28  Roach  
  73  6:36  Roach x2  
  76  6:44  Roach x5  
  76  6:46  Queen x2  
  85  6:56  Roach  
  85  6:57  Roach x3  
  88  7:08  Roach  
  88  7:09  Roach x3  
  88  7:20  Roach x4  
  91  7:32  Drone x3  
  91  7:36  Drone x2  
  96  7:37  Drone x3  
  99  7:45  Zerg Missile Weapons Level 2  
  99  7:51  Muscular Augments  
  99  7:53  Drone x2  
  99  7:54  Drone x2  
  103  8:05  Drone x6  
  109  8:11  Ravager x2  
  109  8:12  Ravager x4  
  115  8:13  Ravager x2  
  115  8:14  Ravager  
  115  8:15  Zergling x6  
  110  8:37  Roach, Hydralisk x6  
  110  8:38  Roach x2  
  125  8:47  Roach  
  125  8:48  Roach x5  
  105  9:10  Hydralisk x2  
  105  9:11  Roach, Hydralisk x3  
  105  9:12  Zergling x2  
  114  9:22  Hydralisk x4  
  114  9:23  Zergling x8  
  114  9:24  Zergling x2  
  113  9:28  Extractor  
  112  9:37  Hydralisk x2  
  116  9:43  Hatchery  
  114  9:52  Hatchery  
  95  10:03  Roach x7  
  95  10:04  Roach x2  
  106  10:10  Roach  
  97  10:38  Drone x5  
  97  10:39  Drone  
  97  10:41  Queen x2  
  107  10:47  Roach x3  
  107  10:49  Ravager x4  
  117  10:51  Zergling x4  
  119  11:14  Ravager  
  119  11:15  Ravager x2  
  119  11:16  Zergling x18  
  131  11:29  Zergling x2  
  131  11:31  Overlord x3  
  132  11:34  Lurker Den  
  119  11:47  Drone  
  119  11:48  Drone x3  
  123  11:55  Drone x2, Extractor  
  123  11:56  Drone  
  123  12:00  Spire  
  124  12:05  Zergling x16  
  124  12:06  Zergling x2  
  132  12:14  Zergling x2, Roach x3  
  132  12:15  Zergling x4  
  141  12:25  Zergling x2  
  142  12:37  Ravager x3  
  142  12:40  Zergling x2  
  142  12:41  Zergling x10, Roach x2  
  142  12:42  Roach x2  
  142  12:43  Overlord x2  
  142  12:44  Overlord x2  
  135  13:13  Hydralisk x3  
  135  13:14  Hydralisk x4  
  135  13:15  Roach x10  
  135  13:18  Lurker  
  135  13:19  Lurker  
  168  13:21  Zergling x6  
  171  13:27  Extractor  
  171  13:30  Lurker  
  171  13:31  Lurker  
  172  13:35  Zergling x2  
  172  13:36  Zergling x10  
  172  13:39  Drone x3  
  181  13:52  Spine Crawler  
  180  13:59  Hydralisk  
  180  14:00  Hydralisk x3  
  183  14:15  Roach  
  183  14:16  Roach x5  
  191  14:17  Overlord x2  
Tags
 
Add a new tag
Caveats
  • Supply blocks, unpowered buildings, or Contaminate may cause inaccurate times.
  • Supply counts are checked every 10 seconds.